 Dungeon Crawl Stone Soup version 0.31-a0-177-g4aa6249778 (webtiles) character file.

Game seed: 12901902874184082822

1130 pokeman the Thaumaturge (level 8, 0/44 HPs)
             Began as a Deep Elf Hedge Wizard on June 18, 2023.
             Was a Follower of Vehumet.
             Slain by an ice beast (8 damage)
             ... on level 6 of the Dungeon.
             The game lasted 00:09:53 (5427 turns).

pokeman the Thaumaturge (Deep Elf Hedge Wizard)     Turns: 5427, Time: 00:09:54

Health: 0/44       AC:  5    Str: 13    XL:     8   Next: 13%
Magic:  18/22      EV: 13    Int: 22    God:    Vehumet [*.....]
Gold:   164        SH:  0    Dex: 14    Spells: 11/24 levels left

rFire   . . .        r - +2 dagger (venom)
rCold   . . .        (no shield)
rNeg    . . .        b - +0 robe
rPois   +            c - +1 helmet
rElec   .            (no cloak)
rCorr   .            m - +0 pair of gloves
SInv    .            (no boots)
Will    .....        t - amulet of magic regeneration
Stlth   ++           u - ring of poison resistance
HPRegen 0.27/turn    x - +6 ring of strength
MPRegen 0.58/turn

%: no passive effects
@: on blink cooldown
A: no striking features
a: Renounce Religion


You were on level 6 of the Dungeon.
You worshipped Vehumet.
Vehumet was aware of your devotion.
You visited 1 branch of the dungeon, and saw 6 of its levels.

You collected 164 gold pieces.

Inventory:

Hand Weapons
 r - a +2 dagger of venom (weapon)
Armour
 b - a +0 robe (worn)
 c - a +1 helmet (worn)
 m - a +0 pair of gloves (worn)
Magical Staves
 o - a staff of earth
Jewellery
 t - an amulet of magic regeneration (around neck)
 u - a ring of poison resistance (left hand)
 x - a +6 ring of strength (right hand)
Wands
 p - a wand of flame (12)
Scrolls
 e - 3 scrolls of acquirement {unknown}
 h - 3 scrolls of revelation {unknown}
 i - 5 scrolls of identify {unknown}
 k - a scroll of fog {unknown}
 l - 2 scrolls of silence {unknown}
 n - a scroll of poison {unknown}
 s - a scroll of teleportation {unknown}
 v - 2 scrolls of enchant weapon {unknown}
 y - a scroll of blinking {unknown}
Potions
 d - 2 potions of magic
 f - 3 potions of enlightenment {unknown}
 g - 3 potions of mutation {unknown}
 j - 2 potions of curing {unknown}
 q - a potion of attraction {unknown}
 w - a potion of cancellation {unknown}
Miscellaneous
 a - a piece from Xom's chessboard (15/15)


   Skills:
 + Level 2.1 Fighting
 - Level 1.0 Armour
 - Level 4.1 Dodging
 - Level 3.0 Stealth
 * Level 8.7 Spellcasting
 + Level 4.5 Conjurations
 - Level 1.1 Summonings
 - Level 1.1 Translocations
 + Level 2.5 Ice Magic
 - Level 1.2 Air Magic
 + Level 2.6 Earth Magic
 - Level 1.0 Poison Magic
 - Level 1.2 Evocations


You had 11 spell levels left.
You knew the following spells:

 Your Spells              Type           Power      Damage    Failure   Level
a - Magic Dart            Conj           100%       1d8       1%          1
b - Mephitic Cloud        Conj/Pois/Air  19%        N/A       9%          3
c - Call Imp              Summ           28%        N/A       7%          2
d - Blink                 Tloc           28%        N/A       7%          2
e - Freezing Cloud        Conj/Ice/Air   10%        6-21      52%         5

Your spell library contained the following spells:

 Spells                   Type           Power      Damage    Failure   Level
 Shock                    Conj/Air       88%        1d8       2%          1
 Slow                     Hex            36%        N/A       7%          1
 Poisonous Vapours        Pois/Air       28%        N/A       7%          2
 Cigotuvi's Dreadful Rot  Necr/Pois/Air  24%        N/A       8%          2


Dungeon Overview and Level Annotations

Branches:
Dungeon (6/15)
 Temple: D:4-7

Altars:
Kikubaaqudgha
Makhleb
Qazlal
Vehumet
Xom


Message History

Casting: Magic Dart (safe; 1% risk of failure)
Confirm with . or Enter, or press ? or * to list all spells.
Aiming: Magic Dart (safe; 1% risk of failure)
Press: ? - help, Shift-Dir - straight line, f/p - ice beast
Aim: an ice beast (moderately wounded, poisoned, ally target, 100% to hit)
The magic dart hits the ice beast.
The ice beast is heavily wounded.
The ice beast barely misses you.
Your cerulean imp hits the ice beast but does no damage.
Casting: Magic Dart (safe; 1% risk of failure)
Confirm with . or Enter, or press ? or * to list all spells.
You blink.
A steam dragon comes into view.
The ice beast looks more healthy.
Your cerulean imp closely misses the ice beast.
Unknown command.
Casting: Blink (safe; 7% risk of failure)
Confirm with . or Enter, or press ? or * to list all spells.
You are still too unstable to blink.
Unknown command.
Casting: Blink (safe; 7% risk of failure)
Confirm with . or Enter, or press ? or * to list all spells.
Aiming: Magic Dart (safe; 1% risk of failure)
Press: ? - help, Shift-Dir - straight line, f/p - ice beast
Aim: an ice beast (heavily wounded, ally target, 100% to hit)
The magic dart hits the ice beast.
The ice beast is heavily wounded.
The ice beast hits you but does no damage.
Your cerulean imp closely misses the ice beast.
Casting: Magic Dart (safe; 1% risk of failure)
Confirm with . or Enter, or press ? or * to list all spells.
Aiming: Magic Dart (safe; 1% risk of failure)
Press: ? - help, Shift-Dir - straight line, f/p - ice beast
Aim: an ice beast (heavily wounded, ally target, 100% to hit)
The magic dart hits the ice beast.
The ice beast is heavily wounded.
The ice beast hits you.
* * * LOW HITPOINT WARNING * * *
The ice beast freezes you!
You die...

.......##.##......##
.......##..#...$...#.....
...............<.........
.........##......##......
.........###...#.# .....
......f....#...### #.....
...##..........#<##......
.. #...Y...##...†.f......
.####..[.###.(.Y@.......#
....#........5......#..##
....................#..#
........................
..(......................
..##..#..................
#..#..##.#...............
#.###.##.................
#......#...............##


You could see an ice beast (ally target), a sleepcap and a friendly cerulean imp
(summoned).

Vanquished Creatures
  Duvessa (D:4)
  A black bear (D:6)
  An ogre (D:4)
  A centaur (D:6)
  2 phantoms (D:5)
  4 scorpions
  Dowan (D:4)
  A jelly (D:5)
  3 orc priests
  A hound (D:5)
  2 orc wizards
  2 iguanas (D:4)
  3 adders
  An ufetubus (D:4)
  2 worms (D:3)
  2 dart slugs
  12 orcs
  2 endoplasms
  3 giant cockroaches
  3 goblins
  7 hobgoblins
  A jackal (D:3)
  6 kobolds
  A quokka (D:3)
  7 ball pythons
  5 bats
  A frilled lizard (D:1)
  2 rats (D:3)
78 creatures vanquished.

Notes
Turn   | Place    | Note
-------+----------+-------------------------------------------
     0 | D:1      | pokeman the Deep Elf Hedge Wizard began the quest for the
                  | Orb.
     0 | D:1      | Reached XP level 1. HP: 10/10 MP: 7/7
   436 | D:1      | Reached XP level 2. HP: 15/15 MP: 1/9
  1519 | D:2      | Reached skill level 5 in Spellcasting
  1750 | D:2      | Reached XP level 3. HP: 20/20 MP: 6/11
  1754 | D:2      | Learned a level 3 spell: Mephitic Cloud
  1757 | D:2      | Learned a level 2 spell: Call Imp
  1760 | D:2      | Learned a level 2 spell: Blink
  2110 | D:3      | Found a faded altar of an unknown god.
  2234 | D:3      | Found a stormy altar of Qazlal.
  2264 | D:3      | Found a radiant altar of Vehumet.
  2284 | D:3      | Became a worshipper of Vehumet
  2648 | D:3      | Reached skill level 1 in Armour
  2652 | D:3      | Reached skill level 1 in Fighting
  2809 | D:3      | Found a shimmering altar of Xom.
  3366 | D:4      | Found a burning altar of Makhleb.
  3366 | D:4      | Noticed an ogre
  3372 | D:4      | Killed an ogre
  3373 | D:4      | Reached skill level 6 in Spellcasting
  3373 | D:4      | Reached XP level 4. HP: 21/25 MP: 9/14
  3373 | D:4      | Reached XP level 5. HP: 24/29 MP: 9/15
  3445 | D:4      | Noticed Duvessa
  3452 | D:4      | Noticed Dowan
  3555 | D:4      | Killed Duvessa
  3556 | D:4      | Reached skill level 1 in Evocations
  3644 | D:4      | Killed Dowan
  3645 | D:4      | Reached XP level 6. HP: 34/34 MP: 11/17
  3746 | D:4      | Found an ancient bone altar of Kikubaaqudgha.
  3771 | D:4      | Reached skill level 7 in Spellcasting
  3860 | D:4      | Reached skill level 1 in Poison Magic
  3867 | D:4      | Learned a level 5 spell: Freezing Cloud
  4177 | D:4      | Reached * piety under Vehumet
  4177 | D:4      | Offered knowledge of Shock by Vehumet.
  4265 | D:5      | Entered Level 5 of the Dungeon
  4540 | D:4      | Reached skill level 1 in Ice Magic
  4541 | D:4      | Reached XP level 7. HP: 24/38 MP: 17/19
  4680 | D:5      | Reached skill level 1 in Air Magic
  4680 | D:5      | Reached skill level 1 in Earth Magic
  5069 | D:5      | Reached skill level 8 in Spellcasting
  5189 | D:6      | Reached XP level 8. HP: 36/44 MP: 16/22
  5427 | D:6      | Slain by an ice beast

Illustrated notes

Levels and vault maps discovered:
D:1:      dpeg_arrival_rooms_b, layout_basic
D:2:      layout_basic
D:3:      wad_crossroads, layout_basic, xom_butterflies,
          mainiacjoe_overflow_catwalk_spiral,
          shapermc_ecumenical_altar_totnotflames
D:4:      layout_basic, lemuel_round_altar, mainiacjoe_overflow_alcove_4,
          nicolae_concentric_dashed_squares_wild, uniq_duvessa
D:5:      layout_cave_pools
D:6:      layout_cave_pools

Skill      XL: |  1  2  3  4  5  6  7  8 |
---------------+-------------------------+-----
Spellcasting   | 5 6 7 8 |  8.7
Armour         | 1 |  1.0
Fighting       | 1 2 |  2.1
Conjurations   | 2 3 4 |  4.5
Stealth        | 3 |  3.0
Dodging        | 3 4 |  4.1
Evocations     | 1 |  1.2
Poison Magic   | 1 |  1.0
Ice Magic      | 1 2 |  2.5
Air Magic      | 1 |  1.2
Earth Magic    | 2 |  2.6
Summonings     | |  1.1
Translocations | |  1.1

Action                     |  1- 3 |  4- 6 |  7- 9 || total
---------------------------+-------+-------+-------++-------
  Melee: Dagger            |    38 |    43 |    32 ||   113
         Punch             |       |     1 |     1 ||     2
   Cast: Magic Dart        |   111 |    39 |    54 ||   204
         Mephitic Cloud    |     3 |     9 |     9 ||    21
         Blink             |       |     1 |     4 ||     5
         Call Imp          |       |       |     3 ||     3
   Stab: Confused          |     1 |     4 |     6 ||    11
 Armour: Robe              |     8 |     5 |    15 ||    28
  Dodge: Dodged            |    29 |    30 |    41 ||   100

Table legend: (Time is in decaauts)
 A = Elapsed time spent in this place.
 B = Non-inter-level travel time spent in this place.
 C = Inter-level travel time spent in this place.
 D = Time resting spent in this place.
 E = Time spent auto-exploring this place.
 F = Levels seen in this place.
 G = Mean time per level.
                   A        B        C        D        E       F      G
               +--------+--------+--------+--------+--------+-----+--------+
         Total |   5425 |   5162 |    263 |    273 |   4107 |   6 |  904.2 |
       Dungeon |   5425 |   5162 |    263 |    273 |   4107 |   6 |  904.2 |
               +--------+--------+--------+--------+--------+-----+--------+

Top non-repeatable levels by time:
     D:3: 1308 daAuts
     D:2: 1080 daAuts
     D:4: 1078 daAuts
     D:5: 956 daAuts
     D:1: 892 daAuts
     D:6: 109 daAuts
